Map: Opérations galactiques EC

Players

Mervin

  • Race: Zerg Zerg
  • League: Platinum
  • Spawn Location: 1:00

zidar - Winner!

  • Race: Zerg Zerg
  • League: Platinum
  • Spawn Location: 7:00

VOD

Have the link to the VOD?

Description

Time

  • Played on: Nov. 7, 2016, 10:03 a.m.
  • Length: 3:37
Show
View Real Time Build Order
Export as new Build Order

Mervin Zerg 

Build Orders: 1 Base Baneling Bust, Pool First 

Get SALT Encoding   

  12  0:01  Drone  
  13  0:22  Spawning Pool  
  12  0:30  Overlord  
  12  0:39  Drone  
  13  0:48  Extractor  
  12  0:51  Drone  
  13  1:01  Drone  
  14  1:09  Zergling x4  
  16  1:13  Zergling x2  
  17  1:19  Queen  
  17  1:25  Zergling x2  
  20  1:38  Drone  
  21  1:46  Drone  
  22  1:56  Metabolic Boost  
  20  2:30  Zergling x4  
  20  2:32  Overlord  
  22  2:47  Baneling Nest  
  22  2:48  Hatchery  
  20  3:01  Overlord  
  20  3:02  Zergling x2  
  20  3:03  Zergling x2  
  22  3:14  Overlord  
Show
View Real Time Build Order
Export as new Build Order

zidar Zerg - Winner!

Build Orders: 1 Base Baneling Bust, Pool Only 

Get SALT Encoding   

  12  0:01  Drone  
  13  0:08  Drone  
  13  0:12  Extractor  
  13  0:16  Drone  
  14  0:37  Spawning Pool  
  14  0:38  Drone  
  14  0:48  Overlord  
  14  0:58  Overlord  
  14  1:24  Metabolic Boost  
  14  1:27  Queen  
  14  1:29  Zergling x2  
  14  1:30  Zergling x2  
  18  1:34  Zergling x2  
  19  1:44  Zergling x2  
  20  1:55  Zergling x2  
  20  2:01  Baneling Nest  
  20  2:03  Zergling x2  
  20  2:33  Zergling x2  
  20  2:34  Zergling x2  
  22  2:43  Zergling x8  
  26  2:51  Baneling Nest  
  25  3:07  Zergling x4  
Tags
 
Add a new tag
Caveats
  • Supply blocks, unpowered buildings, or Contaminate may cause inaccurate times.
  • Supply counts are checked every 10 seconds.